 Dungeon Crawl Stone Soup version 0.20.0-10-g0535bb4 (webtiles) character file.

306 grindst0ne the Covert (level 6, -10/39 HPs)
             Began as an Octopode Assassin on June 7, 2017.
             Killed from afar by Blork the orc (12 damage)
             ... with a wand of flame (?/48)
             ... on level 4 of the Dungeon.
             The game lasted 00:07:24 (4339 turns).

grindst0ne the Covert (Octopode Assassin)           Turns: 4339, Time: 00:07:24

Health: -10/39     AC:  1    Str: 10    XL:     6   Next: 39%
Magic:  6/6        EV: 13    Int: 13    God:
Gold:   239        SH:  0    Dex: 16    Spells: 5/5 levels left

rFire    . . .     SeeInvis .   a - +2 dagger
rCold    . . .     Gourm    .   (no shield)
rNeg     . . .     Faith    .   (helmet restricted)
rPois    .         Spirit   .   (no amulet)
rElec    .         Reflect  .   (no ring)
rCorr    .         Harm     .   (no ring)
MR       .....                  (no ring)
Stlth    +++++.....             (no ring)
Regen    0.2/turn               (no ring)
MPRegen  0.1/turn               (no ring)
                                (no ring)
                                (no ring)

@: no status effects
A: almost no armour, stealthy swim, amphibious, 8 rings, constrict 8, camouflage
1, gelatinous body 1
a: no special abilities


You were on level 4 of the Dungeon.
You were not hungry.

You visited 1 branch of the dungeon, and saw 4 of its levels.

You collected 239 gold pieces.

Inventory:

Hand Weapons
 a - a +2 dagger (weapon)
 b - a +0 blowgun
Missiles
 c - 8 poisoned needles
 d - 2 curare-tipped needles
 x - 2 throwing nets (quivered)
Armour
 n - a +0 pair of boots
Wands
 q - a wand of flame (5/48)
Scrolls
 e - 9 scrolls of identify {unknown}
 g - 2 scrolls of magic mapping {unknown}
 h - 3 scrolls of teleportation {unknown}
 j - 3 scrolls of remove curse {unknown}
 l - 2 scrolls of amnesia {unknown}
 o - 2 scrolls of random uselessness {unknown}
 u - a scroll of enchant armour {unknown}
Potions
 k - a potion of heal wounds
 r - a potion of magic {unknown}
 s - a potion of lignification {unknown}
 t - a potion of curing {unknown}
 v - a potion of ambrosia {unknown}
Comestibles
 f - a bread ration
 i - 3 royal jellies
 p - 2 fruits
 w - 5 chunks of flesh


   Skills:
 - Level 2.0 Fighting
 + Level 4.7 Short Blades
 - Level 2.0 Throwing
 - Level 1.0 Dodging
 + Level 8.4 Stealth


You had 5 spell levels left.
You didn't know any spells.

Dungeon Overview and Level Annotations

Branches:
Dungeon (4/15)
 Temple: D:4-7

Altars:

Annotations:
D:4 Blork the orc


Innate Abilities, Weirdness & Mutations

You cannot wear most types of armour.
You are very stealthy in the water. (Stealth+)
You are amphibious.
You can wear up to eight rings at the same time.
You can use your tentacles to constrict eight enemies at once.
Your skin changes colour to match your surroundings (Stealth+).
Your rubbery body absorbs attacks. (AC +1, EV +1)


Message History

You hit Blork the orc. Your grab misses Blork the orc.
You squeeze Blork the orc, but do no damage.
Blork the orc is moderately wounded.
Blork the orc zaps a wand.
The puff of flame hits you!
You closely miss Blork the orc. Your grab misses Blork the orc.
Blork the orc is moderately wounded.
Blork the orc closely misses you.
You barely miss Blork the orc. You grab Blork the orc.
Blork the orc is moderately wounded.
You constrict Blork the orc. You hit Blork the orc but do no damage.
You squeeze Blork the orc!
Blork the orc is severely wounded.
You constrict Blork the orc, but do no damage.
Blork the orc hits you with a halberd!
* * * LOW HITPOINT WARNING * * *
You release your grip on Blork the orc.
Blork the orc mumbles some strange words.
Blork the orc seems to speed up.
Blork the orc zaps a wand.
The puff of flame hits you!
You die...

#. #. ## ###########
#.........#
#......##.######
#..@##.........#####
##...#####.####>.....
#..#..####.# #######
#o###......# # #.
#..###### # ##...##
######### # ##.#
#.......#### #.
#........... #.
#........###


You could see Blork the orc.

Vanquished Creatures
  An orc priest (D:4)
  Jessica (D:2)
  3 worker ants (D:4)
  Natasha (D:4)
  3 gnolls
  3 adders
  An ooze (D:2)
  An adder skeleton (D:4)
  A worm (D:2)
  A dart slug (D:1)
  6 leopard geckos
  5 orcs (D:4)
  A ball python (D:1)
  3 giant cockroaches
  3 goblins
  6 hobgoblins
  6 jackals
  2 quokkas
  11 bats
  4 frilled lizards
  7 kobolds
  10 rats
80 creatures vanquished.

Notes
Turn   | Place    | Note
-------+----------+-------------------------------------------
     0 | D:1      | grindst0ne the Octopode Assassin began the quest for the Orb.
     0 | D:1      | Reached XP level 1. HP: 14/14 MP: 1/1
   244 | D:1      | Reached XP level 2. HP: 17/19 MP: 2/2
   456 | D:1      | Reached skill level 6 in Stealth
   594 | D:1      | Reached XP level 3. HP: 22/24 MP: 3/3
  1583 | D:2      | Reached XP level 4. HP: 29/29 MP: 4/4
  1856 | D:2      | Noticed Jessica
  1857 | D:2      | Killed Jessica
  2002 | D:2      | Reached skill level 7 in Stealth
  2423 | D:1      | Reached XP level 5. HP: 5/34 MP: 5/5
  4133 | D:4      | Reached XP level 6. HP: 39/39 MP: 6/6
  4151 | D:4      | Reached skill level 8 in Stealth
  4202 | D:4      | Noticed Natasha
  4221 | D:4      | Killed Natasha
  4327 | D:4      | Noticed Blork the orc
  4337 | D:4      | HP: 1/39 [Blork the orc/halberd (15)]
  4339 | D:4      | Killed from afar by Blork the orc

Skill      XL: |  1  2  3  4  5  6 |
---------------+-------------------+-----
Stealth        | 6 7 8 |  8.4
Short Blades   | 3 4 |  4.7
Fighting       | |  2.0
Throwing       | |  2.0
Dodging        | |  1.0

Action                   |  1- 3 |  4- 6 || total
-------------------------+-------+-------++-------
Melee: Dagger            |    71 |   101 ||   172
       Constrict         |    17 |    20 ||    37
       Tentacles         |    10 |    19 ||    29
Evoke: Wand              |       |     4 ||     4
  Use: Potion            |       |     2 ||     2
 Stab: Sleeping          |    11 |    18 ||    29
       Distracted        |     1 |       ||     1
  Eat: Chunk             |     2 |     9 ||    11
Armor: Skin              |     6 |     4 ||    10
Dodge: Dodged            |    52 |    36 ||    88
